 Dungeon Sprint DCSS version 0.23-a0-814-g91b4073 (webtiles) character file.

74000000 Lanoc the Champion of Chaos (level 27, 77/249 HPs)
             Began as a Gnoll Fighter on Jan 21, 2019.
             Was the Champion of Makhleb.
             Escaped with the Orb!
             The game lasted 00:07:21 (370 turns).

Lanoc the Champion of Chaos (Gnoll Fighter)          Turns: 370, Time: 00:07:22

Health: 77/249     AC: 13    Str: 29    XL:     27
Magic:  54/54      EV: 30    Int: 11    God:    Makhleb [******]
Gold:   0          SH:  0    Dex: 17    Spells: 80/80 levels left

rFire    . . .     SeeInvis .   u - +7 sceptre of Torment {pain, torment}
rCold    . . .     Gourm    .   (no shield)
rNeg     . . .     Faith    .   b - +0 scale mail
rPois    .         Spirit   .   (no helmet)
rElec    .         Reflect  .   (no cloak)
rCorr    .         Harm     .   (no gloves)
MR       ++...     NoTele   +   (no boots)
Stlth    +++.......             (no amulet)
HPRegen  0.51/turn              m - +30 ring of slaying
MPRegen  0.34/turn              n - +30 ring of slaying

@: no status effects
A: distributed training, fangs 1, strong nose
0: Orb of Zot
a: Minor Destruction, Lesser Servant of Makhleb, Major Destruction, Greater
Servant of Makhleb, Renounce Religion


You escaped.
You worshipped Makhleb.
Makhleb was exalted by your worship.
You were not hungry.

You visited 1 branch

Inventory:

Hand Weapons
 l - the +∞ Axe of Woe
   (You found it in the Dungeon)
 u - the +7 sceptre of Torment (weapon) {pain, torment}
   (You took it off Dispater in the Dungeon)

   In the hands of one skilled in necromantic magic, it inflicts extra damage on
   living creatures.
Armour
 b - a +0 scale mail (worn)
 c - a +0 shield
Jewellery
 a - a +30 ring of slaying
 m - a +30 ring of slaying (left hand)
 n - a +30 ring of slaying (right hand)
 o - a +30 ring of slaying
 p - a +27000 ring of slaying
 q - a +30 ring of slaying
 r - a +30 ring of slaying
 s - a +30 ring of slaying
 t - a +30 ring of slaying
 v - a +30 ring of slaying
 w - a +30 ring of slaying
Scrolls
 k - a scroll of blinking
Potions
 d - a potion of might
 e - a potion of curing
 g - a potion of heal wounds
 h - a potion of haste
 i - 2 potions of magic
 j - a potion of berserk rage
Comestibles
 f - a ration


   Skills:
 O Level 27 Fighting
 O Level 27 Short Blades
 O Level 27 Long Blades
 O Level 27 Axes
 O Level 27 Maces & Flails
 O Level 27 Polearms
 O Level 27 Staves
 O Level 27 Slings
 O Level 27 Bows
 O Level 27 Crossbows
 O Level 27 Throwing
 O Level 27 Armour
 O Level 27 Dodging
 O Level 27 Stealth
 O Level 27 Shields
 O Level 27 Unarmed Combat
 O Level 27 Spellcasting
 O Level 27 Conjurations
 O Level 27 Hexes
 O Level 27 Charms
 O Level 27 Summonings
 O Level 27 Necromancy
 O Level 27 Translocations
 O Level 27 Transmutations
 O Level 27 Fire Magic
 O Level 27 Ice Magic
 O Level 27 Air Magic
 O Level 27 Earth Magic
 O Level 27 Poison Magic
 O Level 27 Invocations
 O Level 27 Evocations


You had 80 spell levels left.
You didn't know any spells.
Your spell library was empty.

Dungeon Overview and Level Annotations

Branches:
Dungeon (1/1)

Altars:
Makhleb


Innate Abilities, Weirdness & Mutations

Your experience applies equally to all skills.
You have very sharp teeth.
Your uncanny sense of smell can sniff out nearby items.


Message History

You hear a shout! x3
You hear a shout! x2
The tormentor calls on the powers of darkness!
Your body is wracked with pain!
The tormentor completely misses you.
The tormentor hits you but does no damage.
The tormentor calls on the powers of darkness!
Your body is wracked with pain!
* * * LOW HITPOINT WARNING * * *
You stick the tormentor like a pincushion!!!!
You kill the tormentor!
Makhleb accepts your kill.
You feel better.
You hear a shout! x2
You hear a shout!
You hear a shout!
You hear a shout! x2
There is a staircase leading out of the dungeon here.
You can't go down here!
You have escaped!

.................................
))#.......).....................#
...#........#....)))#............
......#.....#)..))..#...........#
..)#......###....)))###))........
...............###)))).))......##
.......#........_=..)))).........
.....#.....).#..)..#.......#.#...
###........).#_.@._#.............
#....#.......#.....#......#.#.#..
.......#........_................
...............###.........#.#.#.
..........###......)###..........
...)).......#.......#............
..))...)....#.......#......).)...
...#)..............).......))....
.)#)#)#.................#..)#.)..


There were no monsters in sight!

Vanquished Creatures
  Dispater (D)
  4 vampire knights (D)
  24 ogres (D)
  6 two-headed ogres (D)
  142 orcs (D)
  An Orb Guardian (D)
  2 starcursed masses (D)
  A shadow demon (D)
  A tormentor (D)
  An eye of draining (D)
183 creatures vanquished.

Vanquished Creatures (others)
  A ball lightning (D)
1 creature vanquished.

Grand Total: 184 creatures vanquished

Notes
Turn   | Place    | Note
-------+----------+-------------------------------------------
     0 | D        | Found the +∞ Axe of Woe
     0 | D        | Lanoc the Gnoll Fighter began the quest for the Orb.
     0 | D        | Reached XP level 1. HP: 23/23 MP: 1/1
     1 | D        | Noticed a bag of meat
     3 | D        | Noticed a bag of meat
     4 | D        | Noticed a bag of meat
     4 | D        | Noticed a bag of meat
     9 | D        | Became a worshipper of Makhleb the Destroyer
    10 | D        | Killed a bag of meat
    10 | D        | Reached skill level 10 in Short Blades
    10 | D        | Reached skill level 10 in Long Blades
    10 | D        | Reached skill level 10 in Maces & Flails
    10 | D        | Reached skill level 10 in Polearms
    10 | D        | Reached skill level 10 in Staves
    10 | D        | Reached skill level 10 in Slings
    10 | D        | Reached skill level 10 in Bows
    10 | D        | Reached skill level 10 in Crossbows
    10 | D        | Reached skill level 10 in Throwing
    10 | D        | Reached skill level 10 in Dodging
    10 | D        | Reached skill level 10 in Stealth
    10 | D        | Reached skill level 10 in Unarmed Combat
    10 | D        | Reached skill level 10 in Spellcasting
    10 | D        | Reached skill level 10 in Evocations
    10 | D        | Reached XP level 2. HP: 39/39 MP: 1/13
    10 | D        | Reached XP level 3. HP: 45/45 MP: 1/15
    10 | D        | Reached XP level 4. HP: 52/52 MP: 1/16
    10 | D        | Reached XP level 5. HP: 58/58 MP: 1/18
    10 | D        | Reached XP level 6. HP: 65/65 MP: 1/19
    10 | D        | Reached XP level 7. HP: 71/71 MP: 1/21
    10 | D        | Reached XP level 8. HP: 78/78 MP: 1/22
    10 | D        | Reached XP level 9. HP: 83/83 MP: 1/23
    10 | D        | Reached XP level 10. HP: 90/90 MP: 1/24
    10 | D        | Reached XP level 11. HP: 96/96 MP: 1/25
    10 | D        | Reached XP level 12. HP: 103/103 MP: 1/26
    11 | D        | Killed a bag of meat
    11 | D        | Reached * piety under Makhleb
    11 | D        | Reached skill level 10 in Conjurations
    11 | D        | Reached skill level 10 in Hexes
    11 | D        | Reached skill level 10 in Charms
    11 | D        | Reached skill level 10 in Summonings
    11 | D        | Reached skill level 10 in Necromancy
    11 | D        | Reached skill level 10 in Translocations
    11 | D        | Reached skill level 10 in Transmutations
    11 | D        | Reached skill level 10 in Fire Magic
    11 | D        | Reached skill level 10 in Ice Magic
    11 | D        | Reached skill level 10 in Air Magic
    11 | D        | Reached skill level 10 in Earth Magic
    11 | D        | Reached skill level 10 in Poison Magic
    11 | D        | Reached XP level 13. HP: 112/112 MP: 1/29
    11 | D        | Killed a bag of meat
    11 | D        | Reached XP level 14. HP: 121/121 MP: 1/31
    12 | D        | Killed a bag of meat
    12 | D        | Reached skill level 15 in Fighting
    12 | D        | Reached skill level 15 in Axes
    12 | D        | Reached skill level 15 in Armour
    12 | D        | Reached skill level 15 in Shields
    12 | D        | Reached skill level 15 in Invocations
    18 | D        | Noticed a bag of meat
    18 | D        | Noticed a bag of meat
    18 | D        | Noticed a bag of meat
    23 | D        | Noticed a bag of meat
    25 | D        | Killed a bag of meat
    25 | D        | Reached ** piety under Makhleb
    25 | D        | Reached skill level 15 in Short Blades
    25 | D        | Reached skill level 15 in Long Blades
    25 | D        | Reached skill level 15 in Maces & Flails
    25 | D        | Reached skill level 15 in Polearms
    25 | D        | Reached skill level 15 in Staves
    25 | D        | Reached skill level 15 in Slings
    25 | D        | Reached skill level 15 in Bows
    25 | D        | Reached skill level 15 in Crossbows
    25 | D        | Reached skill level 15 in Throwing
    25 | D        | Reached skill level 15 in Dodging
    25 | D        | Reached skill level 15 in Stealth
    25 | D        | Reached skill level 15 in Unarmed Combat
    25 | D        | Reached skill level 15 in Spellcasting
    25 | D        | Reached skill level 15 in Evocations
    25 | D        | Reached XP level 15. HP: 132/132 MP: 4/34
    28 | D        | Reached XP level 16. HP: 119/142 MP: 5/36
    29 | D        | Reached *** piety under Makhleb
    29 | D        | Noticed a large bag of meat
    30 | D        | Noticed a large bag of meat
    30 | D        | Noticed a meat berserker
    32 | D        | Reached skill level 15 in Conjurations
    32 | D        | Reached skill level 15 in Hexes
    32 | D        | Reached skill level 15 in Charms
    32 | D        | Reached skill level 15 in Summonings
    32 | D        | Reached skill level 15 in Necromancy
    32 | D        | Reached skill level 15 in Translocations
    32 | D        | Reached skill level 15 in Transmutations
    32 | D        | Reached skill level 15 in Fire Magic
    32 | D        | Reached skill level 15 in Ice Magic
    32 | D        | Reached skill level 15 in Air Magic
    32 | D        | Reached skill level 15 in Earth Magic
    32 | D        | Reached skill level 15 in Poison Magic
    32 | D        | Noticed a destroyer
    33 | D        | Noticed a meat berserker
    34 | D        | Reached XP level 17. HP: 153/153 MP: 6/39
    35 | D        | Killed a meat berserker
    36 | D        | Noticed a meat berserker
    37 | D        | Killed a large bag of meat
    37 | D        | Reached **** piety under Makhleb
    37 | D        | Reached XP level 18. HP: 123/166 MP: 7/42
    37 | D        | Killed a meat berserker
    37 | D        | Reached XP level 19. HP: 176/176 MP: 7/44
    38 | D        | Reached ***** piety under Makhleb
    38 | D        | Killed a destroyer
    39 | D        | Killed a large bag of meat
    39 | D        | Reached XP level 20. HP: 189/189 MP: 8/47
    41 | D        | Killed a meat berserker
    41 | D        | Reached skill level 27 in Invocations
    41 | D        | Reached XP level 21. HP: 201/201 MP: 8/50
    41 | D        | Reached ****** piety under Makhleb
    42 | D        | Noticed a meat berserker
    42 | D        | Noticed a meat berserker
    43 | D        | Noticed a destroyer
    44 | D        | Reached skill level 27 in Fighting
    44 | D        | Reached skill level 27 in Axes
    44 | D        | Reached skill level 27 in Armour
    44 | D        | Reached skill level 27 in Shields
    44 | D        | Noticed a meat berserker
    45 | D        | Noticed a meat berserker
    46 | D        | Noticed a meat berserker
    46 | D        | Killed a meat berserker
    46 | D        | Reached skill level 27 in Short Blades
    46 | D        | Reached skill level 27 in Long Blades
    46 | D        | Reached skill level 27 in Maces & Flails
    46 | D        | Reached skill level 27 in Polearms
    46 | D        | Reached skill level 27 in Staves
    46 | D        | Reached skill level 27 in Slings
    46 | D        | Reached skill level 27 in Bows
    46 | D        | Reached skill level 27 in Crossbows
    46 | D        | Reached skill level 27 in Throwing
    46 | D        | Reached skill level 27 in Dodging
    46 | D        | Reached skill level 27 in Stealth
    46 | D        | Reached skill level 27 in Unarmed Combat
    46 | D        | Reached skill level 27 in Spellcasting
    46 | D        | Reached skill level 27 in Evocations
    46 | D        | Reached XP level 22. HP: 161/212 MP: 10/53
    47 | D        | Reached skill level 27 in Conjurations
    47 | D        | Reached skill level 27 in Hexes
    47 | D        | Reached skill level 27 in Charms
    47 | D        | Reached skill level 27 in Summonings
    47 | D        | Reached skill level 27 in Necromancy
    47 | D        | Reached skill level 27 in Translocations
    47 | D        | Reached skill level 27 in Transmutations
    47 | D        | Reached skill level 27 in Fire Magic
    47 | D        | Reached skill level 27 in Ice Magic
    47 | D        | Reached skill level 27 in Air Magic
    47 | D        | Reached skill level 27 in Earth Magic
    47 | D        | Reached skill level 27 in Poison Magic
    47 | D        | Reached XP level 23. HP: 219/219 MP: 10/54
    51 | D        | Reached XP level 24. HP: 227/227 MP: 11/54
    52 | D        | Killed a destroyer
    53 | D        | Reached XP level 25. HP: 234/234 MP: 12/54
    54 | D        | Reached XP level 26. HP: 242/242 MP: 12/54
    57 | D        | Reached XP level 27. HP: 249/249 MP: 12/54
    77 | D        | Noticed a large bag of meat
    99 | D        | Killed a large bag of meat
   111 | D        | Noticed a large bag of meat
   118 | D        | Killed a large bag of meat
   129 | D        | Noticed a destroyer
   141 | D        | Killed a destroyer
   168 | D        | Noticed a large bag of meat
   170 | D        | Noticed a destroyer
   177 | D        | Killed a destroyer
   180 | D        | Killed a large bag of meat
   197 | D        | Noticed The Meatlord
   214 | D        | HP: 4/249 [bag of meat/+9 war axe (30)]
   215 | D        | Killed The Meatlord
   270 | D        | Noticed a large bag of meat
   276 | D        | Killed a large bag of meat
   303 | D        | Got the Orb of Zot
   370 | D        | Escaped with the Orb!

Vault maps used:
D:        meatsprint

Skill      XL: |  1  2  3  4  5  6  7  8  9 10 11 12 13 14 15 16 17 18 19 20 21 22 |
---------------+-------------------------------------------------------------------+-----
Fighting       | 12 13 14 16 17 19 21 22 24 26 27 | 27.0
Short Blades   | 10 12 13 15 16 18 20 21 23 25 27 | 27.0
Long Blades    | 10 12 13 15 16 18 20 21 23 25 27 | 27.0
Axes           | 11 13 14 15 17 18 20 22 24 25 27 | 27.0
Maces & Flails | 10 12 13 15 16 18 20 21 23 25 27 | 27.0
Polearms       | 10 12 13 15 16 18 20 21 23 25 27 | 27.0
Staves         | 10 12 13 15 16 18 20 21 23 25 27 | 27.0
Slings         | 10 12 13 15 16 18 20 21 23 25 27 | 27.0
Bows           | 10 12 13 15 16 18 20 21 23 25 27 | 27.0
Crossbows      | 10 12 13 15 16 18 20 21 23 25 27 | 27.0
Throwing       | 10 12 13 15 16 18 20 21 23 25 27 | 27.0
Armour         | 12 13 14 16 17 19 21 22 24 26 27 | 27.0
Dodging        | 10 12 13 15 16 18 20 21 23 25 27 | 27.0
Stealth        | 10 12 13 15 16 18 20 21 23 25 27 | 27.0
Shields        | 12 13 14 16 17 19 21 22 24 26 27 | 27.0
Unarmed Combat | 10 12 13 15 16 18 20 21 23 25 27 | 27.0
Spellcasting   | 10 12 13 15 16 18 20 21 23 25 27 | 27.0
Conjurations   | 9 10 11 13 14 15 17 18 20 22 24 27 | 27.0
Hexes          | 9 10 11 13 14 15 17 18 20 22 24 27 | 27.0
Charms         | 9 10 11 13 14 15 17 18 20 22 24 27 | 27.0
Summonings     | 9 10 11 13 14 15 17 18 20 22 24 27 | 27.0
Necromancy     | 9 10 11 13 14 15 17 18 20 22 24 27 | 27.0
Translocations | 9 10 11 13 14 15 17 18 20 22 24 27 | 27.0
Transmutations | 9 10 11 13 14 15 17 18 20 22 24 27 | 27.0
Fire Magic     | 9 10 11 13 14 15 17 18 20 22 24 27 | 27.0
Ice Magic      | 9 10 11 13 14 15 17 18 20 22 24 27 | 27.0
Air Magic      | 9 10 11 13 14 15 17 18 20 22 24 27 | 27.0
Earth Magic    | 9 10 11 13 14 15 17 18 20 22 24 27 | 27.0
Poison Magic   | 9 10 11 13 14 15 17 18 20 22 24 27 | 27.0
Invocations    | 11 13 14 16 17 19 21 23 25 27 | 27.0
Evocations     | 10 12 13 15 16 18 20 21 23 25 27 | 27.0

Action                   |  1- 3 |  4- 6 |  7- 9 | 10-12 | 13-15 | 16-18 | 19-21 | 22-24 | 25-27 || total
-------------------------+-------+-------+-------+-------+-------+-------+-------+-------+-------++-------
Melee: Executioner's axe |     1 |       |       |     1 |     4 |     5 |     6 |     6 |    85 ||   108
       Eveningstar       |       |       |       |       |       |       |       |       |     6 ||     6
       Punch             |       |       |       |       |       |       |       |       |     2 ||     2
       Bite              |       |       |       |       |       |       |       |       |     2 ||     2
Armor: Scale mail        |       |       |       |     1 |       |       |     1 |       |     1 ||     3
Dodge: Dodged            |       |       |       |       |       |       |     1 |       |     8 ||     9

Table legend:
 A = Non-vault XP
 B = Vault XP
 C = Vault XP percentage of total XP
 D = Non-vault monster count
 E = Vault monster count
 F = Vault count percentage of total count
                 A         B        C        D         E       F
            +---------+---------+-------+---------+---------+-------
      Total |     739 | 3806795 | 100.0 |       1 |     176 |  99.4
            +---------+---------+-------+---------+---------+-------
          D |     739 | 3806795 | 100.0 |       1 |     176 |  99.4
            +---------+---------+-------+---------+---------+-------
